Map: [ESL] Alcyone

Players

Bly - Winner!

  • Race: Zerg Zerg

MaNa

  • Race: Protoss Protoss

Event: ESL SC2 Masters 2023 Winter (Regional)

VOD

Have the link to the VOD?

Description

Time

  • Played on: Oct. 26, 2023, 2:41 p.m.
  • Length: 15:09

All games in this series

Show
View Real Time Build Order
Export as new Build Order

Bly Zerg - Winner!

Build Orders: Hatch First, Swarm Host 

Get SALT Encoding   

  12  0:01  Drone  
  13  0:13  Overlord  
  13  0:16  Drone  
  14  0:31  Drone  
  14  0:32  Drone  
  16  0:37  Drone  
  17  0:50  Drone  
  18  0:59  Hatchery  
  17  1:07  Drone  
  17  1:10  Extractor  
  17  1:15  Spawning Pool  
  17  1:17  Drone  
  17  1:21  Drone  
  18  1:29  Drone  
  19  1:39  Drone  
  20  1:51  Overlord  
  20  2:03  Queen  
  22  2:11  Queen  
  22  2:13  Zergling x4  
  26  2:19  Metabolic Boost  
  27  2:22  Zergling x2  
  27  2:23  Zergling x2  
  28  2:32  Drone  
  29  2:40  Drone x2  
  31  2:44  Drone  
  31  2:47  Queen  
  34  2:59  Overlord  
  34  3:01  Hatchery  
  34  3:04  Zergling x4  
  35  3:24  Zergling x8  
  33  3:36  Zergling x12  
  38  3:47  Drone x4  
  41  4:02  Drone  
  41  4:03  Drone x3  
  41  4:04  Spore Crawler  
  41  4:05  Overlord x2  
  41  4:06  Spore Crawler  
  42  4:11  Overlord x2  
  42  4:17  Roach Warren  
  41  4:27  Drone  
  41  4:28  Drone x5  
  47  4:37  Drone x6  
  46  4:52  Drone x3  
  48  4:56  Extractor  
  48  4:58  Spore Crawler  
  46  5:06  Drone x4  
  50  5:12  Drone x2  
  50  5:13  Queen  
  54  5:16  Lair  
  54  5:23  Drone x3  
  57  5:30  Drone  
  57  5:31  Queen  
  60  5:36  Drone  
  60  5:37  Drone x5  
  65  5:46  Overlord  
  65  5:48  Extractor  
  65  5:49  Extractor  
  62  5:55  Roach x6  
  74  6:00  Overlord x2  
  73  6:12  Drone x4  
  73  6:14  Glial Reconstitution  
  77  6:20  Overlord  
  75  6:27  Drone x8  
  83  6:36  Infestation Pit, Hatchery  
  81  6:40  Drone x5  
  81  6:44  Overlord  
  85  6:48  Overlord  
  85  6:52  Drone x3  
  85  6:54  Overseer  
  85  6:55  Extractor  
  84  7:04  Drone x4  
  84  7:05  Drone x2  
  90  7:10  Evolution Chamber  
  90  7:13  Overlord  
  89  7:20  Zergling x18  
  97  7:27  Hatchery  
  96  7:31  Ravager x6  
  96  7:32  Zergling x14  
  96  7:36  Zerg Melee Weapons Level 1  
  109  7:38  Roach x2  
  109  7:42  Roach  
  107  7:59  Swarm Host x3  
  107  8:00  Swarm Host  
  125  8:08  Zergling x20  
  125  8:10  Overlord  
  135  8:21  Overlord x2  
  135  8:29  Overlord x2  
  135  8:31  Overlord  
  135  8:33  Hatchery  
  125  8:36  Overlord x2  
  125  8:37  Overlord  
  104  8:43  Roach x8  
  113  8:52  Spore Crawler  
  113  8:54  Roach x5  
  113  8:55  Roach  
  124  8:57  Queen x2  
  128  9:07  Swarm Host x4  
  136  9:18  Drone x7  
  136  9:19  Spire  
  136  9:21  Extractor  
  136  9:22  Extractor  
  137  9:48  Burrow  
  131  10:03  Zergling x38  
  148  10:15  Drone x5  
  148  10:16  Drone  
  148  10:18  Drone x5  
  159  10:24  Baneling Nest  
  158  10:33  Zerg Flyer Weapons Level 1  
  150  10:41  Queen x5  
  147  10:45  Mutalisk  
  147  10:46  Mutalisk x10  
  147  11:04  Mutalisk x4  
  147  11:06  Zergling x28  
  145  11:15  Overseer  
  137  11:19  Zergling x12  
  137  11:20  Zergling x6  
  144  11:29  Roach x6  
  156  11:35  Roach x2  
  160  11:40  Hive  
  160  11:42  Roach x4  
  146  12:03  Mutalisk x5  
  146  12:04  Mutalisk  
  146  12:06  Zergling x28  
  163  12:26  Extractor x2  
  163  12:27  Roach x13  
  186  12:52  Spine Crawler  
  186  12:53  Spore Crawler  
  186  12:54  Adrenal Glands  
  184  13:02  Centrifugal Hooks  
  184  13:04  Overlord x3  
  184  13:05  Zergling x6  
  187  13:21  Hatchery  
  186  13:32  Hatchery  
  164  13:48  Mutalisk x8  
  164  13:49  Mutalisk x7  
  188  14:06  Zergling x22  
  199  14:24  Zergling x24  
  195  14:25  Hatchery  
  195  14:30  Baneling x11  
  195  14:31  Baneling x12  
  192  14:33  Zergling x16  
  194  14:50  Zergling x20  
Show
View Real Time Build Order
Export as new Build Order

MaNa Protoss 

Build Orders: 1 Gate Expand, Oracle Opening 

Get SALT Encoding   

  12  0:00  Probe  
  13  0:12  Probe  
  14  0:18  Pylon  
  14  0:24  Probe (Chrono Boost)  
  15  0:36  Probe (Chrono Boost)  
  16  0:44  Gateway  
  16  0:45  Probe (Chrono Boost)  
  17  0:51  Probe  
  17  0:53  Assimilator  
  18  1:03  Probe  
  19  1:15  Probe  
  20  1:25  Nexus  
  20  1:37  Cybernetics Core  
  20  1:39  Probe  
  21  1:46  Assimilator  
  21  1:51  Probe  
  22  1:55  Pylon  
  22  2:03  Probe  
  23  2:10  Adept (Chrono Boost)  
  25  2:15  Probe  
  25  2:20  Stargate  
  26  2:26  Warp Gate  
  26  2:28  Probe  
  27  2:30  Adept (Chrono Boost)  
  29  2:38  Probe  
  29  2:40  Probe  
  31  2:50  Probe  
  32  2:52  Probe  
  32  2:54  Adept  
  35  3:01  Oracle (Chrono Boost)  
  35  3:02  Probe  
  35  3:04  Probe  
  39  3:14  Probe  
  39  3:16  Probe  
  41  3:25  Pylon  
  41  3:26  Probe  
  42  3:30  Probe  
  42  3:33  Oracle (Chrono Boost)  
  44  3:38  Probe  
  44  3:39  Gateway  
  43  3:47  Probe  
  41  3:50  Probe  
  42  3:59  Probe  
  43  4:03  Probe  
  43  4:04  Pylon  
  44  4:11  Probe  
  44  4:15  Probe  
  46  4:20  Pylon  
  46  4:23  Stalker  
  46  4:24  Probe (Chrono Boost)  
  53  4:27  Probe (Chrono Boost)  
  53  4:28  Void Ray  
  54  4:33  Pylon  
  54  4:37  Probe x2 (Chrono Boost)  
  56  4:44  Pylon  
  56  4:45  Probe  
  52  4:47  Sentry  
  52  4:48  Shield Battery  
  55  4:52  Adept  
  55  4:54  Probe  
  55  4:55  Shield Battery  
  55  4:57  Probe  
  59  5:00  Assimilator x2  
  59  5:06  Probe  
  60  5:11  Twilight Council, Probe  
  60  5:13  Forge  
  61  5:17  Zealot x2  
  61  5:19  Probe  
  66  5:24  Probe  
  67  5:31  Probe  
  67  5:35  Pylon  
  68  5:36  Protoss Ground Weapons Level 1, Pylon  
  68  5:38  Probe  
  68  5:40  Zealot x2  
  71  5:43  Probe  
  71  5:48  Blink (Chrono Boost)  
  72  5:53  Probe  
  73  6:01  Robotics Facility  
  73  6:04  Nexus  
  73  6:06  Pylon  
  73  6:08  Probe  
  74  6:12  Gateway x2  
  74  6:22  Stalker x2  
  74  6:24  Photon Cannon  
  74  6:25  Probe  
  79  6:28  Probe  
  80  6:37  Probe  
  81  6:40  Probe  
  81  6:44  Shield Battery  
  82  6:49  Warp Prism (Chrono Boost), Probe  
  82  6:52  Probe  
  82  6:53  Stalker x2  
  88  6:58  Gateway  
  88  6:59  Gateway  
  88  7:01  Probe  
  88  7:04  Robotics Bay, Probe  
  90  7:11  Stalker x2  
  94  7:18  Observer  
  95  7:29  Pylon  
  95  7:36  Stalker x4  
  103  7:37  Probe x2  
  105  7:51  Disruptor (Chrono Boost)  
  99  8:02  Assimilator  
  99  8:03  Stalker x6  
  99  8:04  Assimilator  
  109  8:10  Oracle  
  112  8:13  Pylon  
  112  8:15  Shield Battery  
  112  8:19  Probe  
  113  8:20  Photon Cannon, Shield Battery  
  113  8:22  Gateway x2  
  111  8:28  Zealot x3  
  111  8:29  Zealot  
  114  8:36  Probe  
  101  8:50  Zealot x4  
  101  8:51  Stalker  
  101  8:52  Stalker  
  113  9:08  Protoss Ground Weapons Level 2 (Chrono Boost)  
  111  9:10  Stalker x4  
  119  9:20  Probe  
  119  9:21  Probe  
  119  9:22  Probe  
  114  9:28  Stalker x4  
  114  9:40  Zealot  
  114  9:41  Zealot x3  
  122  9:48  Gravitic Drive  
  116  9:52  Warp Prism (Chrono Boost)  
  114  10:00  Probe x2  
  114  10:02  Probe  
  115  10:08  Stalker x4  
  115  10:13  Probe x2  
  125  10:19  Pylon  
  125  10:22  Pylon  
  125  10:24  Pylon  
  125  10:35  Probe  
  125  10:41  Stalker x7  
  135  10:50  Stalker  
  135  10:52  Probe  
  138  11:00  Observer  
  131  11:04  Stalker x5  
  134  11:18  Photon Cannon  
  131  11:27  Nexus  
  125  11:33  Stalker x2  
  125  11:37  Stalker x2  
  133  11:41  Stalker  
  133  11:44  Stalker  
  130  12:02  Stalker x5  
  114  12:16  Stalker x3  
  112  12:25  Disruptor (Chrono Boost)  
  112  12:26  Probe  
  112  12:27  Probe  
  117  12:31  Templar Archives  
  117  12:36  Sentry x2  
  119  12:40  Probe x2  
  119  12:42  Probe x2  
  123  12:50  Shield Battery  
  123  12:52  Probe  
  123  12:53  Probe  
  123  12:56  Probe x2  
  128  12:58  Observer (Chrono Boost)  
  128  12:59  Pylon  
  128  13:07  High Templar x4  
  128  13:08  Zealot  
  128  13:10  Shield Battery  
  128  13:11  Archon x2  
  136  13:22  Probe  
  136  13:23  Shield Battery  
  134  13:38  Zealot x4  
  134  13:40  Probe x2  
  134  13:41  Probe x2  
  133  13:49  High Templar x4  
  133  13:52  Probe x2  
  133  13:54  Archon x2  
  139  14:04  High Templar x2, Zealot  
  139  14:06  Pylon  
  139  14:08  Archon  
  145  14:17  Unknown  
  141  14:24  Stalker x5  
  141  14:27  Zealot  
  146  14:44  Stalker x2  
  135  14:53  Stalker x4  
Tags
 
Add a new tag
Caveats
  • Supply blocks, unpowered buildings, or Contaminate may cause inaccurate times.
  • Supply counts are checked every 10 seconds.